 Dungeon Crawl Stone Soup version 0.31-a0-1074-g0b22e4e0f1 (webtiles) character file.

Game seed: 7094162574368796731

5632 ytrimaz the Covert (level 10, -4/71 HPs)
             Began as an Octopode Shapeshifter on Dec 6, 2023.
             Was a Follower of Ashenzari.
             Slain by a warg (13 damage)
             ... on level 9 of the Dungeon.
             The game lasted 00:14:08 (9978 turns).

ytrimaz the Covert (Octopode Shapeshifter)          Turns: 9978, Time: 00:14:08

Health: -4/71      AC:  1    Str: 14    XL:     10   Next: 74%
Magic:  19/19      EV: 16    Int: 12    God:    Ashenzari [*.....]
Gold:   273        SH:  0    Dex: 28    Spells: 9/9 levels left

rFire   + .          .
                       - Unarmed
rCold   . . .        (no shield)
rNeg    . . .        (helmet currently unavailable)
rPois   +            B - amulet of Ashenzari's Annoyance {Acrobat, Melee, Comp} (curse)
rElec   .            f - ring "Vision of Ashenzari" {MP+9, Elem, Comp} (curse)
rCorr   .            A - ring "Share My Soothsayer" {rPois, Bglg, Melee} (curse)
SInv    .            G - +6 ring of dexterity
Will    .....        x - +6 ring of dexterity
Stlth   +++++++      F - ring of the Mage {Wiz Archmagi}
HPRegen 0.31/turn    I - ring of protection from fire
MPRegen 0.16/turn    (no ring)
                     (no ring)

%: acrobat, wizardry (x1), archmagi
@: beast-form
A: beast (slay +2), almost no armour, amphibious, 8 rings, camouflage 1,
gelatinous body 1, (nimble swimmer 1), tentacles
a: Begin Untransformation, Renounce Religion, Curse Item, Shatter the Chains


You were on level 9 of the Dungeon.
You worshipped Ashenzari.
Ashenzari was aware of your devotion.
You were a hulking beast.
You visited 2 branches of the dungeon, and saw 10 of its levels.
You also visited: Sewer.

You collected 1764 gold pieces.
You spent 1491 gold pieces at shops.


Innate Abilities, Weirdness & Mutations

You are a hulking beast.
Your limbs bulge with bestial killing power. (Slay +2)
You cannot wear most types of armour.
You are amphibious.
You can wear up to eight rings at the same time.
Your skin changes colour to match your surroundings (Stealth+).
Your rubbery body absorbs attacks. (AC +1, EV +1)
((You are camouflaged when in or above water. (Stealth+)))
You have tentacles for arms and can constrict up to eight enemies at once.


   Skills:
 - Level 7.0 Fighting
 + Level 4.1 Dodging
 - Level 12.0 Stealth
 + Level 10.0(11.2) Unarmed Combat
 + Level 5.2 Shapeshifting


You had 9 spell levels left.
You didn't know any spells.
Your spell library contained the following spells:

 Spells                   Type           Power      Damage    Failure   Level
 Poisonous Vapours        Pois/Air       0%         N/A       21%         2
 Mephitic Cloud           Conj/Pois/Air  0%         N/A       36%         3
 Freezing Cloud           Conj/Ice/Air   0%         6-21      97%         5
 Malign Gateway           Summ/Tloc      0%         N/A       100%        7
 Summon Horrible Things   Summ           0%         N/A       100%        8

Inventory:

Missiles
 y - 4 datura-tipped darts
Jewellery
 f - the cursed ring "Vision of Ashenzari" (left tentacle) {MP+9, Elem, Comp}
   (You found it on level 1 of the Dungeon)

   [ring of magical power]

   MP+9:      It affects your magic capacity (+9).
   It has a curse which improves the following skills: Elements: Fire Magic, Ice
   Magic, Air Magic and Earth Magic.
   Companions: Summonings and Necromancy.
 p - a ring of fire
   (You found it on level 3 of the Dungeon)
 x - a +6 ring of dexterity (on tentacle)
   (You bought it in a shop on level 3 of the Dungeon)
 A - the cursed ring "Share My Soothsayer" (right tentacle) {rPois, Bglg, Melee}
   (You found it on level 4 of the Dungeon)

   [ring of poison resistance]

   rPois:     It protects you from poison It has a curse which improves the
   following skills: Beguiling: Conjurations, Hexes and Translocations.
   Melee Combat: Short Blades, Long Blades, Axes, Maces & Flails, Polearms,
   Staves and Unarmed Combat.
 B - the cursed amulet of Ashenzari's Annoyance (around mantle) {Acrobat, Melee, Comp}
   (You found it on level 4 of the Dungeon)

   [amulet of the acrobat]

   Acrobat:   It increases your evasion while moving and waiting.
   It has a curse which improves the following skills: Melee Combat: Short
   Blades, Long Blades, Axes, Maces & Flails, Polearms, Staves and Unarmed
   Combat.
   Companions: Summonings and Necromancy.
 F - the ring of the Mage (on tentacle) {Wiz Archmagi}
   (You bought it in a shop on level 3 of the Dungeon)

   [ring of wizardry]

   Wiz:       It improves your spell success rate.
   Archmagi:  It increases the power of your magical spells.
 G - a +6 ring of dexterity (on tentacle)
   (You bought it in a shop on level 3 of the Dungeon)
 H - a ring of ice
   (You took it off a gnoll on level 6 of the Dungeon)
 I - a ring of protection from fire (on tentacle)
   (You found it on level 7 of the Dungeon)
 M - an amulet of regeneration
   (You found it on level 8 of the Dungeon)
Talismans
 b - a beast talisman (active)
 c - a flux talisman
 m - a granite talisman
   (You found it on level 2 of the Dungeon)
Wands
 o - a wand of flame (30)
   (You took it off Maurice on level 8 of the Dungeon)
Scrolls
 a - a scroll of amnesia
 d - 3 scrolls of poison
 i - 2 scrolls of enchant weapon
 j - a scroll of revelation
 n - a scroll of fog
 r - 2 scrolls of enchant armour
 s - 5 scrolls of teleportation
 t - a scroll of fear
 u - a scroll of brand weapon
 w - 2 scrolls of blinking
 z - 5 scrolls of identify
 E - 2 scrolls of noise
 K - 2 scrolls of torment
 L - a scroll of vulnerability
Potions
 e - a potion of haste
 g - a potion of degeneration
 h - 2 potions of mutation
 k - a potion of attraction
 l - a potion of cancellation
 q - a potion of heal wounds
 v - a potion of magic
 C - 3 potions of brilliance
 D - a potion of enlightenment
 J - a potion of curing

Dungeon Overview and Level Annotations

Branches:
Dungeon (9/15) Zot: 26892  Temple (1/1) D:4 Zot: 5837     Orc (0/2) D:9
  Sewer (visited)
   Lair: D:8-11

Altars:
Ashenzari
Cheibriados
Elyvilon
Fedhas
Gozag
Hepliaklqana
Kikubaaqudgha
Makhleb
Nemelex Xobeh
Okawaru
Qazlal
Ru
Sif Muna
Trog
Uskayaw
Vehumet
Wu Jian
Xom
Zin
The Shining One

Shops:
D:3 =(=

Annotations:
D:7 4 exclusions

#..............^#
##.........#####.#
#..............#.#
#..............#.# ######
##.............##.###....#
#.............###.#......#
#..........h.## #........##
##..........).####.........#
##..........##.hh...........##
#..###....#######............#
..## ###### ###..........#
h#### #..........## h...###
##..........### ......#
##...........# ......#
#............ ......#
##........#.. ......#
##.......###


You could see a warg and a howler monkey (catching breath).


Message History

A centaur is nearby!
The helpless centaur fails to defend itself.
You bludgeon the centaur!
You tentacle-slap the centaur, but do no damage.
You squeeze the centaur. The centaur misses you.
The centaur kicks you. 😕 HP[-2]
You take 2 damage, and now have 69/71 hp.
You bludgeon the centaur!
You kill the centaur!
No target in view!
You see here a +0 shortbow.
Unknown command.
C - 3 potions of brilliance (gained 2) Key pressed, stopping explore.
Key pressed, stopping explore.
A warg comes into view. 😎 HP[+2]
Your hp is fully restored (71).
A warg is nearby!
A warg is nearby!
A warg is nearby!
Found a staircase to the Orcish Mines. 2 wargs come into view.
The warg howls! x2
The warg moves out of view.
You hear a howl! x2
A howler monkey comes into view.
You hear a howl!
A howler monkey comes into view.
The warg howls!
You tentacle-slap the warg. The warg completely misses you.
A howler monkey comes into view.
The howler monkey hoots and howls with incredible vigour!
The warg attacks as it pursues you! The warg completely misses you.
The warg completely misses you.
You bludgeon the warg! You squeeze the warg! The warg bites you!
The howler monkey hoots and howls with incredible vigour!
The warg closely misses you.
You hear a roar! 😕 HP[-11]
You take 11 damage, and now have 60/71 hp.
You bludgeon the warg!
You kill the warg!
The warg bites you!
Your Dodging skill increases to level 4!
Your base Unarmed Combat skill increases to level 10! 😮 HP[-11]
You take 11 damage, and now have 49/71 hp.
You are too injured to fight recklessly!
You are too injured to fight recklessly! 😮 HP[+1]
The howler monkey hoots and howls with incredible vigour!
The warg bites you! 😮 HP[-8]
You take 8 damage, and now have 42/71 hp.
The warg attacks as it pursues you! The warg bites you. 😮 HP[-2]
You take 2 damage, and now have 40/71 hp.
You are too injured to fight recklessly!
You bludgeon the warg!
The howler monkey hoots and howls with incredible vigour!
The warg bites you.
* * * LOW HITPOINT WARNING * * *
😨 HP[-6]
You take 6 damage, and now have 34/71 hp.
Unknown command.
Blink to where?
Press: ? - help, Dir - move target
As you read the scroll of blinking, it crumbles to dust. 😨 HP[+1]
You see here a +0 shortbow. 😮 HP[+1] 😮 HP[+1] 😮 HP[+1]
You tentacle-slap the warg. The warg closely misses you.
You bludgeon the warg! You squeeze the warg! The warg completely misses you.
You tentacle-slap the warg. You squeeze the warg.
You kill the warg!
You closely miss the warg. You squeeze the warg! The warg bites you!
* * * LOW HITPOINT WARNING * * *
😨 HP[-16]
You take 16 damage, and now have 22/71 hp.
MASSIVE DAMAGE!! (PAUSE)
You closely miss the warg. Your squeeze misses the warg.
The howler monkey hoots and howls with incredible vigour!
The warg barely misses you.
You hear a howl!
Unknown command.
You barely miss the warg. Your squeeze misses the warg.
The warg closely misses you.
Unknown command.
You tentacle-slap the warg. The warg bites you!
* * * LOW HITPOINT WARNING * * *
😱 HP[-14]
You take 14 damage, and now have 8/71 hp.
Unknown command.
You tentacle-slap the warg.
The howler monkey hoots and howls with incredible vigour!
The warg bites you!
You die...

Skill      XL: |  1  2  3  4  5  6  7  8  9 10 |
---------------+-------------------------------+-----
Stealth        | 1 2 3 4 5 7 8 10 12 | 12.0
Unarmed Combat | 4 5 6 7 9 10 | 10.0
Fighting       | 2 4 6 7 |  7.0
Shapeshifting  | 5 |  5.2
Dodging        | 4 |  4.1

Action                     |  1- 3 |  4- 6 |  7- 9 | 10-12 || total
---------------------------+-------+-------+-------+-------++-------
  Melee: Unarmed           |    59 |   102 |   231 |    88 ||   480
         Tentacles         |     9 |    19 |    57 |    24 ||   109
         Constrict         |    13 |    20 |    53 |    18 ||   104
         Punch             |       |     5 |    12 |     8 ||    25
 Invoke: Curse Item        |       |       |     3 |       ||     3
    Use: Scroll            |       |     2 |     3 |     2 ||     7
         Potion            |       |       |     5 |     2 ||     7
   Stab: Sleeping          |    12 |    17 |    17 |     5 ||    51
         Distracted        |       |       |     1 |     1 ||     2
         Invisible         |       |       |       |     3 ||     3
 Armour: Skin              |    14 |    52 |    86 |    39 ||   191
  Dodge: Dodged            |    30 |    55 |    96 |    71 ||   252
   Form: Statue            |       |     1 |       |       ||     1
         Beast             |       |     1 |       |       ||     1

Levels and vault maps discovered:
D:1:      dpeg_arrival_subterranean_lakeside_camping, layout_loops_ring
D:2:      minmay_evil_eye, layout_basic, basic_altar
D:3:      layout_basic, gup_sewer_entry_glass, serial_shops, shop, shop, shop,
          minmay_misc_feat_x, uniq_robin
D:4:      layout_gridville, minmay_temple_entry_proselytizer,
          minmay_fountain_box, uniq_natasha
D:5:      layout_loops_ring, worldfamousw_hep_ancestral_shrine,
          minmay_splitting_lines, grunt_decor_fettered
D:6:      layout_loops_ring
D:7:      layout_layer_cave, minmay_strange_pillars,
          nicolae_have_a_lightning_rod, uniq_menkaure, uniq_duvessa
D:8:      layout_basic, mainiacjoe_overflow_concentric_impassable,
          nicolae_tso_carved_into_rock, eino_small_chamber_without_monster,
          minmay_quadrilaterals, uniq_maurice, uniq_joseph, uniq_grum
D:9:      layout_cave_pods, grunt_dithmenos_smoke, minmay_orc_entry_guard_dogs,
          corner_web_ring
Temple:   minmay_crystal_spiral_temple

Notes
Turn   | Place    | Note
-------+----------+-------------------------------------------
     0 | D:1      | ytrimaz the Octopode Shapeshifter began the quest for the
                  | Orb.
     0 | D:1      | Reached XP level 1. HP: 13/13 MP: 1/1
     0 | D:1      | magus.rc [v1.9.6]
    20 | D:1      | Reached skill level 1 in Stealth
    88 | D:1      | Reached XP level 2. HP: 18/18 MP: 2/2
   188 | D:1      | Reached skill level 2 in Stealth
   610 | D:1      | Reached XP level 3. HP: 23/23 MP: 3/3
   991 | D:2      | Reached skill level 3 in Stealth
  1090 | D:2      | Reached skill level 4 in Unarmed Combat
  1096 | D:2      | Reached XP level 4. HP: 24/28 MP: 4/4
  1578 | D:2      | Found a sparkling altar of Nemelex Xobeh.
  1874 | D:3      | Noticed Robin
  1880 | D:3      | Reached skill level 4 in Stealth
  1976 | D:3      | Killed Robin
  2025 | D:3      | Found Deroyrr's Jewellery Shoppe.
  2084 | D:3      | Found Mymug's Jewellery Shoppe.
  2117 | D:3      | Reached XP level 5. HP: 32/33 MP: 5/5
  2156 | D:3      | Found a glowing drain.
  2192 | Sewer    | Entered a sewer
  2340 | Sewer    | Noticed Pargi
  2460 | Sewer    | Killed Pargi
  2461 | Sewer    | Reached skill level 5 in Stealth
  2461 | Sewer    | Reached skill level 5 in Unarmed Combat
  2461 | Sewer    | Reached XP level 6. HP: 22/38 MP: 6/6
  2976 | D:3      | Found Vonix's Antique Weapon Emporium.
  3083 | D:3      | Reached skill level 6 in Stealth
  3192 | D:4      | Noticed a black bear
  3206 | D:4      | Killed a black bear
  3207 | D:4      | Reached skill level 7 in Stealth
  3207 | D:4      | Reached XP level 7. HP: 19/43 MP: 7/7
  3345 | D:4      | Reached skill level 6 in Unarmed Combat
  3507 | D:4      | HP: 8/64 [ogre/+0 giant club (21)]
  4010 | D:4      | Found a staircase to the Ecumenical Temple.
  4023 | Temple   | Entered the Ecumenical Temple
  4104 | Temple   | Became a worshipper of Ashenzari the Shackled
  4271 | D:4      | You pick up a book of Vapours and begin reading...
  4271 | D:4      | You add the spells Poisonous Vapours, Mephitic Cloud and
                  | Freezing Cloud to your library.
  4367 | D:4      | Noticed Natasha
  4373 | D:4      | Killed Natasha
  4374 | D:4      | Reached skill level 2 in Fighting
  4491 | D:4      | Reached skill level 8 in Stealth
  4524 | D:4      | Noticed Natasha
  4529 | D:4      | Killed Natasha
  4562 | D:5      | Entered Level 5 of the Dungeon
  4641 | D:5      | Reached XP level 8. HP: 32/51 MP: 8/8
  4869 | D:5      | Reached skill level 3 in Fighting
  4987 | D:5      | Reached skill level 7 in Unarmed Combat
  5134 | D:5      | Reached skill level 9 in Stealth
  5516 | D:5      | Found a hazy altar of Hepliaklqana.
  5676 | D:5      | Reached skill level 4 in Fighting
  5846 | D:6      | Reached * piety under Ashenzari
  5846 | D:6      | Identified a scroll of acquirement
  5863 | D:6      | Acquired 1256 gold pieces
  5931 | D:3      | Bought a +6 ring of dexterity for 360 gold pieces
  5949 | D:3      | Bought the ring of the Mage {Wiz Archmagi} for 663 gold
                  | pieces
  5949 | D:3      | Found the ring of the Mage {Wiz Archmagi}
  5949 | D:3      | Bought a +6 ring of dexterity for 468 gold pieces
  6318 | D:6      | Reached skill level 10 in Stealth
  6318 | D:6      | Reached XP level 9. HP: 23/59 MP: 9/9
  6499 | D:6      | Reached skill level 5 in Fighting
  6859 | D:6      | Reached skill level 8 in Unarmed Combat
  6986 | D:6      | You add the spells Malign Gateway and Summon Horrible
                  | Things to your library.
  7596 | D:7      | Noticed Menkaure
  7604 | D:7      | Killed Menkaure
  7605 | D:7      | Reached skill level 11 in Stealth
  7749 | D:7      | Reached skill level 6 in Fighting
  7783 | D:7      | Noticed Duvessa
  7784 | D:7      | Noticed Dowan
  7802 | D:7      | Killed Duvessa
  7914 | D:7      | Killed Dowan
  8410 | D:8      | Noticed a two-headed ogre
  8557 | D:8      | Noticed Joseph
  8565 | D:8      | Killed Joseph
  8566 | D:8      | Reached skill level 12 in Stealth
  8566 | D:8      | Reached skill level 9 in Unarmed Combat
  8566 | D:8      | Reached XP level 10. HP: 56/69 MP: 10/10
  8799 | D:8      | Found a glowing golden altar of the Shining One.
  9017 | D:8      | Found a sacrificial altar of Ru.
  9043 | D:8      | Noticed Grum
  9062 | D:8      | Reached skill level 7 in Fighting
  9065 | D:8      | HP: 17/71 [Grum/+0 spear (6)]
  9066 | D:8      | HP: 1/71 [Grum/+0 spear (16)]
  9069 | D:8      | Killed Grum
  9070 | D:8      | Reached skill level 4 in Shapeshifting
  9262 | D:8      | Killed a two-headed ogre
  9412 | D:8      | Reached skill level 3 in Dodging
  9649 | D:8      | Noticed Maurice
  9653 | D:8      | Maurice stole a ring of fire
  9655 | D:8      | Killed Maurice
  9656 | D:8      | Reached skill level 5 in Shapeshifting
  9948 | D:9      | Found a staircase to the Orcish Mines.
  9957 | D:9      | Reached skill level 4 in Dodging
  9957 | D:9      | Reached skill level 10 in Unarmed Combat
  9977 | D:9      | HP: 8/71 [warg (14)]
  9978 | D:9      | Slain by a warg

Vanquished Creatures
  A two-headed ogre (D:8)
  Maurice (D:8)
  Joseph (D:8)
  A raiju (D:7)
  Grum (D:8)
  2 steam dragons (D:8)
  Menkaure (D:7)
  2 wargs (D:9)
  A water moccasin (D:8)
  Duvessa (D:7)
  Pargi (Sewer)
  2 orc warriors (D:6)
  3 ice beasts
  3 black bears
  2 sky beasts
  2 ogres
  2 wolves (D:8)
  2 centaurs
  3 bullfrogs
  6 scorpions
  Dowan (D:7)
  A howler monkey (D:7)
  An electric eel (D:7)
  A jelly (D:6)
  8 hounds
  3 orc priests
  3 gnoll boudas
  2 sleepcaps (D:5)
  An orc wizard (D:5)
  Natasha (twice) (D:4)
  5 iguanas
  Robin (D:3)
  20 gnolls
  8 adders
  A white imp (D:8)
  A worm (D:4)
  3 dart slugs
  14 orcs
  9 bats
  8 endoplasms
  6 giant cockroaches
  8 hobgoblins
  2 jackals (D:3)
  8 kobolds
  A quokka (D:2)
  7 ball pythons
  8 frilled lizards
  21 goblins
  9 rats
201 creatures vanquished.

Table legend:
 A = Non-vault XP
 B = Vault XP
 C = Vault XP percentage of total XP
 D = Non-vault monster count
 E = Vault monster count
 F = Vault count percentage of total count
                 A         B        C        D         E       F
            +---------+---------+-------+---------+---------+-------
      Total |    4697 |    3349 |  41.6 |     144 |      57 |  28.4
            +---------+---------+-------+---------+---------+-------
        D:1 |      32 |      10 |  23.8 |      20 |       6 |  23.1
        D:2 |      58 |       7 |  10.8 |      21 |       3 |  12.5
        D:3 |     115 |      83 |  41.9 |      13 |      18 |  58.1
        D:4 |     551 |      78 |  12.4 |      16 |       2 |  11.1
        D:5 |     788 |       0 |   0.0 |      22 |       0 |   0.0
        D:6 |    1043 |       0 |   0.0 |      24 |       0 |   0.0
        D:7 |     565 |     690 |  55.0 |       7 |       5 |  41.7
        D:8 |    1427 |    1988 |  58.2 |      20 |      11 |  35.5
        D:9 |     118 |     331 |  73.7 |       1 |       2 |  66.7
      Sewer |       0 |     162 | 100.0 |       0 |      10 | 100.0
            +---------+---------+-------+---------+---------+-------

Skill      XL: |  1  2  3  4  5  6  7  8  9 10 |
---------------+-------------------------------+-----
Stealth        | 1 2 3 4 5 7 8 10 12 | 12.0
Unarmed Combat | 4 5 6 7 9 10 | 10.0
Fighting       | 2 4 6 7 |  7.0
Shapeshifting  | 5 |  5.2
Dodging        | 4 |  4.1

Action                     |  1- 3 |  4- 6 |  7- 9 | 10-12 || total
---------------------------+-------+-------+-------+-------++-------
  Melee: Unarmed           |    59 |   102 |   231 |    88 ||   480
         Tentacles         |     9 |    19 |    57 |    24 ||   109
         Constrict         |    13 |    20 |    53 |    18 ||   104
         Punch             |       |     5 |    12 |     8 ||    25
 Invoke: Curse Item        |       |       |     3 |       ||     3
    Use: Scroll            |       |     2 |     3 |     2 ||     7
         Potion            |       |       |     5 |     2 ||     7
   Stab: Sleeping          |    12 |    17 |    17 |     5 ||    51
         Distracted        |       |       |     1 |     1 ||     2
         Invisible         |       |       |       |     3 ||     3
 Armour: Skin              |    14 |    52 |    86 |    39 ||   191
  Dodge: Dodged            |    30 |    55 |    96 |    71 ||   252
   Form: Statue            |       |     1 |       |       ||     1
         Beast             |       |     1 |       |       ||     1

Illustrated notes

Table legend:
 A = Kills in this place as a percentage of kills in the entire game.
 B = Kills by you in this place as a percentage of kills by you in the entire game.
 C = Kills by friends in this place as a percentage of kills by friends in the entire game.
 D = Other kills in this place as a percentage of other kills in the entire game.
 E = Experience gained in this place as a percentage of experience gained in the entire game.
 F = Experience gained in this place divided by the number of levels of this place that you have seen.
                   A       B       C       D       E      F
               +-------+-------+-------+-------+-------+----------------------
         Total | 100.0 | 100.0 |   N/A |   N/A | 100.0 | 731.5
       Dungeon |  95.0 |  95.0 |   N/A |   N/A |  98.0 | 876.0
         Sewer |   5.0 |   5.0 |   N/A |   N/A |   2.0 | 162.0
               +-------+-------+-------+-------+-------+----------------------

Table legend: (Time is in decaauts)
 A = Elapsed time spent in this place.
 B = Non-inter-level travel time spent in this place.
 C = Inter-level travel time spent in this place.
 D = Time resting spent in this place.
 E = Time spent auto-exploring this place.
 F = Levels seen in this place.
 G = Mean time per level.
                   A        B        C        D        E       F      G
               +--------+--------+--------+--------+--------+-----+--------+
         Total |   9896 |   9288 |    608 |    629 |   6859 |  11 |  899.6 |
       Dungeon |   9294 |   8846 |    448 |    451 |   6711 |   9 | 1032.7 |
        Temple |    162 |      2 |    160 |      0 |      0 |   1 |  162.0 |
         Sewer |    438 |    438 |      0 |    178 |    148 |   1 |  438.0 |
               +--------+--------+--------+--------+--------+-----+--------+

Top non-repeatable levels by time:
     D:8: 1441 daAuts
     D:4: 1385 daAuts
     D:6: 1334 daAuts
     D:5: 1191 daAuts
     D:7: 1064 daAuts
     D:3: 985 daAuts
     D:1: 929 daAuts
     D:2: 856 daAuts
   Sewer: 438 daAuts
  Temple: 162 daAuts
     D:9: 107 daAuts
